 Dungeon Crawl Stone Soup version 0.21.0-3-g78d12a8 (webtiles) character file.

169302 nuthulu the Warrior (level 17, -11/136 HPs)
             Began as a Gargoyle Fighter on Jan 9, 2018.
             Was a High Priest of Wu Jian.
             Mangled by an alligator snapping turtle (29 damage)
             ... on level 4 of the Shoals.
             The game lasted 01:21:11 (32914 turns).

nuthulu the Warrior (Gargoyle Fighter)             Turns: 32914, Time: 01:21:12

Health: -11/136    AC: 43    Str: 25    XL:     17   Next: 96%
Magic:  17/17      EV: 17    Int: 10    God:    Wu Jian [*****.]
Gold:   1218       SH: 23    Dex: 18    Spells: 16/16 levels left

rFire    . . .     SeeInvis .   j - +8 flail of Ru's Castigation {crush, rElec rPois Str-5}
rCold    + . .     Gourm    .   c - +5 shield
rNeg     + + +     Faith    .   I - +2 plate armour {MR+}
rPois    ∞         Spirit   .   A - +0 hat of the Abyss {Str+4}
rElec    +         Reflect  +   r - +2 cloak {MR+}
rCorr    .         Harm     .   q - +0 pair of gloves of Focus {rC+ Str+4}
MR       ++++.                  k - +0 pair of boots of Valour {rElec rN++}
Stlth    ..........             K - +3 amulet of reflection
HPRegen  0.32/turn              m - +5 ring of protection
MPRegen  0.15/turn              D - ring of Doaty {MR+ EV+4}

@: agile, flying
A: big wings, negative energy resistance 1, robust 1, electricity resistance,
wild magic 1, unbreathing, petrification resistance, rot immunity, AC +12
a: Stop Flying, Wall Jump, Serpent's Lash, Heavenly Storm, Renounce Religion


You were on level 4 of the Shoals.
You worshipped Wu Jian.
Wu Jian was extremely pleased with you.
You were not hungry.

You visited 6 branches of the dungeon, and saw 29 of its levels.
You also visited: Labyrinth.

You collected 3102 gold pieces.
You spent 1884 gold pieces at shops.

Inventory:

Hand Weapons
 d - a +4 flail of electrocution
 j - the +8 flail of Ru's Castigation (weapon) {crush, rElec rPois Str-5}
   (You bought it in a shop on level 11 of the Dungeon)

   It inflicts extra damage upon your enemies.
   It affects your strength (-5).
   It insulates you from electricity.
   It protects you from poison.
 U - a +3 flail of holy wrath
Missiles
 x - 8 throwing nets (quivered)
Armour
 c - a +5 shield (worn)
 k - the +0 pair of boots of Valour (worn) {rElec rN++}
   (You found it on level 5 of the Dungeon)

   It insulates you from electricity.
   It greatly protects you from negative energy.
 q - the +0 pair of gloves of Focus (worn) {rC+ Str+4}
   (You found it on level 2 of the Shoals)

   It affects your strength (+4).
   It protects you from cold.
 r - a +2 cloak of magic resistance (worn)
 A - the +0 hat of the Abyss (worn) {Str+4}
   (You found it on level 2 of the Lair of Beasts)

   It affects your strength (+4).
 I - a +2 plate armour of magic resistance (worn)
 Q - a +2 pair of gloves
Jewellery
 b - an uncursed ring of wizardry
 e - an uncursed ring of magical power
 h - an uncursed ring of ice
 l - an uncursed ring of see invisible
 m - a +5 ring of protection (left hand)
 s - an uncursed ring of positive energy
 y - an uncursed ring of protection from magic
 D - the ring of Doaty (right hand) {MR+ EV+4}
   (You took it off a minotaur in a labyrinth)

   [ring of evasion]

   It affects your evasion (+4).
   It affects your resistance to hostile enchantments.
 E - an uncursed ring of protection from cold
 G - an uncursed ring of fire
 K - a +3 amulet of reflection (around neck)
 L - a +6 ring of strength
 N - a +4 ring of protection
Wands
 z - a wand of digging (33)
 S - a wand of disintegration (12)
Scrolls
 u - 4 scrolls of fog
 w - 12 scrolls of teleportation
 B - 8 scrolls of remove curse
 F - 4 scrolls of blinking
 M - 5 scrolls of magic mapping
 R - 5 scrolls of amnesia
 V - a scroll of holy word
 W - 3 scrolls of identify
 X - a scroll of fear
 Z - a scroll of brand weapon
Potions
 a - 4 potions of agility
 g - a potion of invisibility
 i - 2 potions of brilliance
 n - 7 potions of curing
 p - a potion of heal wounds
 t - 3 potions of ambrosia
 C - 2 potions of haste
 T - 2 potions of might
 Y - a potion of resistance
Comestibles
 f - 34 rations


   Skills:
 * Level 20.1 Fighting
 - Level 15.7 Maces & Flails
 * Level 14.9 Armour
 - Level 15.0 Shields


You had 16 spell levels left.
You didn't know any spells.

Dungeon Overview and Level Annotations

Branches:
Dungeon (12/15)            Temple (1/1) D:6            Lair (6/6) D:9
 Shoals (4/4) Lair:3        Snake (4/4) Lair:4        Slime (0/5) Lair:5
    Orc (2/2) D:12            Elf (0/3) Orc:2

Altars:
Ashenzari
Cheibriados
Dithmenos
Elyvilon
Fedhas
Gozag
Hepliaklqana
Kikubaaqudgha
Makhleb
Nemelex Xobeh
Qazlal
Ru
Sif Muna
Uskayaw
Vehumet
Wu Jian
Xom
Yredelemnul
Zin
The Shining One
Beogh
Jiyva

Shops:
D:4 :   D:7 :   D:11 (*[*   Orc:1 [   Orc:2 [([=%

Annotations:
Lair:5 exclusion: oklob plant
Snake:2 exclusion: ice statue
Orc:1 exclusion: oklob plant


Innate Abilities, Weirdness & Mutations

You are resistant to torment.
Your stone body is resilient. (AC +12)
You are immune to poison.
Your large and strong wings let you fly indefinitely.
You resist negative energy. (rN+)
You are resistant to electric shocks. (rElec)
You can survive without breathing.
You are immune to petrification.
You are immune to rotting.
You are robust. (+10% HP)
Your spells are a little harder to cast, but a little more powerful.


Message History

The merfolk impaler hits you but does no damage.
The alligator snapping turtle bites you but does no damage.
Your plate armour prevents you from hitting the merfolk impaler.
The merfolk impaler hits you with a demon trident of freezing!
* * * LOW HITPOINT WARNING * * *
You spin and attack the merfolk impaler repeatedly.
You bludgeon the merfolk impaler!!
The merfolk impaler is heavily wounded.
You bludgeon the merfolk impaler!!
You kill the merfolk impaler!
The Council accepts your kill.
You spin and attack the alligator snapping turtle.
You hit the alligator snapping turtle but do no damage.
The alligator snapping turtle is almost dead.
The alligator snapping turtle bites you!
* * * LOW HITPOINT WARNING * * *
You sock the alligator snapping turtle!
The alligator snapping turtle is almost dead.
The alligator snapping turtle bites you!!
You die...

≈≈≈≈≈≈≈≈≈≈≈≈≈≈≈≈≈≈≈≈≈≈≈≈≈≈≈
≈≈≈≈≈≈≈≈≈≈≈≈≈≈≈≈≈≈≈≈≈≈≈≈≈≈≈
≈≈≈≈≈≈≈≈≈≈≈≈≈≈≈≈≈≈≈≈≈≈≈≈≈≈≈
≈≈≈≈≈≈≈m...[≈.≈≈≈≈≈≈≈≈≈≈≈≈≈
≈≈≈≈≈≈.#≈..#≈≈.≈≈≈≈≈≈≈≈≈≈≈≈
≈≈≈≈≈m≈#######≈.≈≈≈≈≈≈≈≈≈≈≈
≈≈≈.≈###≈≈ ≈≈###.≈≈≈≈≈≈≈≈≈≈
≈≈≈..≈#≈ ≈≈≈≈ ##..)≈≈≈...≈≈
≈≈...###≈ ≈#≈ #.@t))......≈
≈....≈# ≈≈ ≈≈##≈).<....≈..≈
....m##≈≈#≈#≈m##.(†........
.....##.≈≈≈≈Cm #...........
...tm≈## #≈Em)##C..........
.......### ##)............
......k#≈####≈.............
..........m≈≈.≈≈≈≈.....≈...
..(.......≈≈≈≈≈≈≈≈≈≈≈≈≈≈..


You could see an alligator snapping turtle (pinned) and a frost giant.

Vanquished Creatures
  Bai Suzhen (Shoals:3)
  Nikola (Shoals:3)
  Jorgrun (Shoals:2)
  A kraken (Shoals:3)
  Donald (Shoals:2)
  2 nagarajas (Snake:3)
  An orc warlord (Orc:2)
  A stone giant (Shoals:2)
  A merfolk javelineer (Shoals:4)
  The ghost of Vojta the Covert, a journeyman OpAK of Lugonu (Lair:6)
  4 merfolk impalers (Shoals:4)
  A minotaur (Lab)
  An ice dragon (Lair:6)
  6 naga warriors
  3 merfolk avatars
  4 hydras
  4 merfolk aquamancers
  9 anacondas
  3 catoblepae
  Erica (D:8)
  8 two-headed ogres
  7 death yaks
  An orc high priest (Orc:2)
  Urug (Lair:2)
  4 shock serpents
  4 naga sharpshooters
  A fire crab (Lair:6)
  A salamander mystic (Snake:3)
  10 sea snakes
  2 unseen horrors
  2 naga ritualists
  12 harpies
  Pikel (D:6)
  A deep elf mage (D:11)
  2 lindwurms (Lair:6)
  4 ugly things
  3 orc knights (Orc:2)
  5 fauns
  5 mana vipers
  4 orc sorcerers (Orc:2)
  18 manticores
  4 cyclopes
  5 water nymphs
  7 elephants
  7 salamanders
  26 black mambas
  6 merfolk sirens
  A guardian serpent (Snake:1)
  7 spiny frogs
  8 naga magi
  6 torpor snails (Lair:6)
  2 rime drakes (Lair:5)
  An anaconda simulacrum (Lair:2)
  3 komodo dragons
  A harpy zombie (D:11)
  3 trolls
  4 tyrant leeches (Lair:6)
  23 merfolk
  6 polar bears
  Grinder (D:3)
  4 wind drakes
  7 hornets
  4 slime creatures (D:12)
  A wolf spider simulacrum (Lair:2)
  14 blink frogs
  16 dream sheep
  9 hippogriffs
  3 snapping turtles
  Sigmund (D:3)
  2 redbacks (Lab)
  10 water elementals
  2 wraiths
  A shadow (D:12)
  36 yaks
  A wyvern (D:12)
  8 basilisks
  Grum (D:9)
  5 vampire mosquitoes (D:12)
  6 hungry ghosts
  5 wargs
  25 nagas
  Edmund (D:4)
  Duvessa (D:6)
  13 water moccasins
  10 porcupines
  2 slaves (D:6)
  4 sky beasts
  4 ice beasts
  A black bear (D:7)
  An eye of draining (D:9)
  35 orc warriors
  15 ogres
  3 phantoms
  13 wolves
  9 centaurs
  2 big kobolds
  Blork the orc (D:4)
  14 crocodiles
  14 bullfrogs
  A gnoll sergeant (D:6)
  A spiny frog simulacrum (Lair:2)
  A water moccasin zombie (D:11)
  A wyvern zombie (D:7)
  Dowan (D:6)
  7 scorpions
  6 killer bees (D:10)
  2 water moccasin skeletons
  3 wights (D:12)
  A howler monkey (D:8)
  An electric eel (D:9)
  4 crimson imps
  A centaur zombie (D:12)
  A komodo dragon simulacrum (Lair:2)
  A bullfrog zombie (D:10)
  A quasit (D:10)
  6 hounds
  9 jellies
  27 orc priests
  2 centaur skeletons
  6 bullfrog skeletons
  22 orc wizards
  4 iguanas
  7 worker ants
  2 yak simulacra (Lair:2)
  A hound zombie (D:8)
  3 worker ant zombies
  Robin (D:2)
  A howler monkey skeleton (D:6)
  6 gnolls
  9 adders
  A shadow imp (D:9)
  An adder zombie (D:6)
  2 adder skeletons (D:5)
  4 worms
  2 dart slugs
  4 leopard geckos
  120 orcs
  9 bats
  6 giant cockroaches
  13 goblins
  12 hobgoblins
  2 quokkas
  A ball python (D:3)
  A frilled lizard (D:2)
  16 kobolds
  A leopard gecko skeleton (D:5)
  A quokka skeleton (D:4)
  A quokka zombie (D:6)
  4 rats
  2 plants (Lair:6)
910 creatures vanquished.

Vanquished Creatures (others)
  Polyphemus (Shoals:3)
  A merfolk javelineer (Shoals:3)
  Erolcha (D:12)
  Fannar (Orc:1)
  A satyr (Shoals:3)
  A manticore (Shoals:2)
  6 fauns
  A salamander (Snake:2)
  A cyclops (Shoals:3)
  A blink frog (Lair:6)
  A gnoll (D:6)
  6 fungi
  20 plants
  4 tentacles (Shoals:3)
46 creatures vanquished.

Grand Total: 956 creatures vanquished

Notes
Turn   | Place    | Note
-------+----------+-------------------------------------------
     0 | D:1      | nuthulu the Gargoyle Fighter began the quest for the Orb.
     0 | D:1      | Reached XP level 1. HP: 14/14 MP: 1/1
    96 | D:1      | Reached XP level 2. HP: 11/20 MP: 2/2
   419 | D:1      | Reached skill level 4 in Fighting
   723 | D:1      | Reached XP level 3. HP: 24/24 MP: 3/3
  1201 | D:2      | Reached XP level 4. HP: 29/30 MP: 4/4
  1212 | D:2      | Gained mutation: You are agile. (Dex +2) [potion of mutation]
  1212 | D:2      | Gained mutation: You are resistant to hostile enchantments. (MR+) [potion of mutation]
  1603 | D:3      | Noticed Grinder
  1605 | D:3      | Noticed Robin
  1885 | D:2      | Killed Robin
  2060 | D:3      | Paralysed by Grinder for 5 turns
  2077 | D:3      | Killed Grinder
  2077 | D:3      | Reached skill level 5 in Maces & Flails
  2077 | D:3      | Reached XP level 5. HP: 29/34 MP: 5/5
  2077 | D:3      | Reached XP level 6. HP: 33/39 MP: 6/6
  2283 | D:3      | Noticed Sigmund
  2296 | D:3      | Killed Sigmund
  2296 | D:3      | Reached XP level 7. HP: 31/44 MP: 7/7
  2441 | D:3      | Found an ornate altar of the Wu Jian Council.
  2448 | D:3      | Found a shadowy altar of Dithmenos.
  2616 | D:4      | Noticed Edmund
  2649 | D:4      | Killed Edmund
  2649 | D:4      | Reached skill level 5 in Armour
  2732 | D:4      | Noticed Blork the orc
  2746 | D:4      | Killed Blork the orc
  2792 | D:4      | Found a blossoming altar of Fedhas.
  2913 | D:4      | Reached XP level 8. HP: 46/48 MP: 8/8
  2918 | D:4      | Found Heungurosyrr's Book Boutique.
  3436 | D:5      | Entered Level 5 of the Dungeon
  3539 | D:5      | Found a shattered altar of Ashenzari.
  3671 | D:5      | Got a pair of encrusted boots
  3797 | D:5      | Identified the cursed +0 pair of boots of Valour {rElec rN++} (You found it on level 5 of the Dungeon)
  4097 | D:6      | Reached XP level 9. HP: 52/52 MP: 9/9
  4214 | D:6      | Noticed Pikel
  4265 | D:6      | Reached skill level 10 in Maces & Flails
  4339 | D:6      | Noticed Duvessa
  4346 | D:6      | Noticed Dowan
  4354 | D:6      | Killed Duvessa
  4363 | D:6      | Killed Dowan
  4688 | D:6      | Lost mutation: You are resistant to hostile enchantments. (MR+) [potion of mutation]
  4688 | D:6      | Lost mutation: You are agile. (Dex +2) [potion of mutation]
  4688 | D:6      | Gained mutation: Your flesh is cold resistant. (rC+) [potion of mutation]
  4688 | D:6      | Gained mutation: Your flesh is very cold resistant. (rC++) [potion of mutation]
  4688 | D:6      | Gained mutation: You are partially covered in molten scales. (AC +2) [potion of mutation]
  4698 | D:6      | Killed Pikel
  4841 | D:6      | Found a staircase to the Ecumenical Temple.
  4855 | Temple   | Entered the Ecumenical Temple
  5382 | D:7      | Paralysed by fainting for 11 turns
  5449 | D:7      | Found a hazy altar of Hepliaklqana.
  5534 | D:7      | Found Joiwn's Book Shoppe.
  5545 | D:7      | Reached XP level 10. HP: 53/58 MP: 10/10
  5767 | D:7      | Reached skill level 5 in Shields
  5783 | D:7      | Found a sparkling altar of Nemelex Xobeh.
  5783 | D:7      | Found a faded altar of an unknown god.
  5788 | D:7      | Found a faded altar of an unknown god.
  5790 | D:7      | Found a glowing golden altar of the Shining One.
  5791 | D:7      | Found a shimmering altar of Xom.
  6633 | D:8      | Noticed a two-headed ogre
  6648 | D:8      | Killed a two-headed ogre
  6709 | D:8      | Noticed Erica
  6721 | D:8      | Killed Erica
  6724 | D:8      | Lost mutation: You are partially covered in molten scales. (AC +2) [potion of mutation]
  6724 | D:8      | Lost mutation: Your flesh is very cold resistant. (rC++) [potion of mutation]
  6724 | D:8      | Lost mutation: Your flesh is cold resistant. (rC+) [potion of mutation]
  6724 | D:8      | Gained mutation: Scrolls take you a little longer to read. [potion of mutation]
  6724 | D:8      | Lost mutation: Scrolls take you a little longer to read. [potion of mutation]
  6724 | D:8      | Gained mutation: You are robust. (+10% HP) [potion of mutation]
  6724 | D:8      | Gained mutation: Your spells are a little harder to cast, but a little more powerful. [potion of mutation]
  7186 | D:9      | Noticed a two-headed ogre
  7214 | D:9      | Killed a two-headed ogre
  7214 | D:9      | Reached XP level 11. HP: 68/68 MP: 11/11
  7337 | D:9      | Noticed Grum
  7376 | D:9      | Killed Grum
  7766 | D:9      | Found a deep blue altar of Sif Muna.
  7986 | D:9      | Noticed a two-headed ogre
  7993 | D:9      | Killed a two-headed ogre
  8039 | D:9      | Found a staircase to the Lair.
  8197 | D:10     | Entered Level 10 of the Dungeon
  8307 | D:10     | Noticed an unseen horror
  8331 | D:10     | Killed an unseen horror
  8460 | D:10     | Noticed a two-headed ogre
  8478 | D:10     | Killed a two-headed ogre
  8478 | D:10     | Reached skill level 5 in Fighting
  8478 | D:10     | Reached skill level 10 in Shields
  8527 | D:10     | Noticed a two-headed ogre
  8536 | D:10     | Killed a two-headed ogre
  9183 | Lair:1   | Entered Level 1 of the Lair of Beasts
  9353 | Lair:1   | Reached skill level 6 in Fighting
  9680 | Lair:1   | Reached XP level 12. HP: 76/77 MP: 12/12
 10003 | Lair:2   | Found a transporter.
 10014 | Lair:2   | Noticed Urug
 10123 | Lair:2   | Killed Urug
 10165 | Lair:2   | Reached skill level 7 in Fighting
 10388 | Lair:2   | Found a transporter.
 10524 | Lair:2   | You fall through a shaft for 2 floors!
 10910 | Lair:4   | Found a labyrinth entrance.
 10919 | Lab      | Entered a labyrinth
 11244 | Lab      | Reached skill level 8 in Fighting
 11441 | Lab      | Noticed a minotaur
 11458 | Lab      | Killed a minotaur
 11460 | Lab      | Got a pitted ivory ring
 11469 | Lab      | Identified the Reference Book on Translocation
 11488 | Lab      | Identified the ring of Doaty {MR+ EV+4} (You took it off a minotaur in a labyrinth)
 11924 | Lair:3   | Found a staircase to the Shoals.
 11934 | Lair:3   | Reached XP level 13. HP: 86/86 MP: 13/13
 13045 | Lair:2   | Reached skill level 15 in Shields
 13059 | Lair:2   | Reached skill level 9 in Fighting
 13284 | Lair:2   | Got an ancient hat
 13591 | Lair:2   | Identified the cursed +0 hat of the Abyss {Str+4} (You found it on level 2 of the Lair of Beasts)
 13667 | Lair:4   | Found a staircase to the Snake Pit.
 14626 | D:7      | Became a worshipper of Ashenzari the Shackled
 14626 | D:7      | Reached * piety under Ashenzari
 14634 | D:7      | Fell from the grace of Ashenzari
 14634 | D:7      | Became a worshipper of the Wu Jian Council
 14634 | D:7      | Reached * piety under Wu Jian
 14802 | Lair:5   | Found a viscous altar of Jiyva.
 14802 | Lair:5   | Found a staircase to the Slime Pits.
 15509 | Lair:6   | Entered Level 6 of the Lair of Beasts
 15525 | Lair:5   | Reached skill level 10 in Fighting
 16123 | Lair:6   | Noticed Vojta's ghost (journeyman OpAK)
 16135 | Lair:6   | Reached ** piety under Wu Jian
 16490 | Lair:6   | Killed Vojta's ghost
 16490 | Lair:6   | Reached skill level 11 in Fighting
 16613 | Lair:6   | Gained mutation: Your large and strong wings let you fly indefinitely. [Gargoyle growth]
 16613 | Lair:6   | Reached XP level 14. HP: 21/99 MP: 14/14
 17573 | Lair:5   | Reached skill level 12 in Fighting
 17770 | Lair:6   | Found a runed door.
 17843 | Lair:6   | Reached skill level 15 in Maces & Flails
 18708 | Lair:6   | Reached *** piety under Wu Jian
 18708 | Lair:6   | Reached skill level 13 in Fighting
 19650 | D:11     | Found Egrom's Assorted Antiques.
 19657 | D:11     | Bought a scroll of identify for 70 gold pieces
 19657 | D:11     | Bought a scroll labeled RODODE XOUS for 35 gold pieces
 19710 | D:11     | Found Sunuon's Antique Armour Shoppe.
 19749 | D:11     | Bought a shiny plate armour for 520 gold pieces
 19895 | D:11     | Found Banish's Assorted Antiques.
 20202 | D:11     | Found Koyv's Weapon Emporium.
 20222 | D:11     | Bought the +8 flail of Ru's Castigation {crush, rElec rPois Str-5} for 846 gold pieces
 20387 | D:12     | Found a staircase to the Orcish Mines.
 20429 | D:12     | Reached **** piety under Wu Jian
 20882 | D:12     | Reached skill level 14 in Fighting
 20912 | D:12     | Was forgiven by Ashenzari
 21325 | D:12     | Reached XP level 15. HP: 110/110 MP: 15/15
 21601 | Orc:1    | Entered Level 1 of the Orcish Mines
 21641 | Orc:1    | Reached ***** piety under Wu Jian
 21675 | Orc:1    | Found Gasoumy's Antique Armour Shop.
 21720 | Orc:1    | Noticed Erolcha
 21726 | Orc:1    | Noticed Fannar
 21771 | D:12     | Killed Erolcha
 22141 | Orc:1    | Killed Fannar
 22732 | Orc:2    | Entered Level 2 of the Orcish Mines
 22827 | Orc:2    | Found a roughly hewn altar of Beogh.
 22928 | Orc:2    | Found a staircase to the Elven Halls.
 22985 | Orc:2    | Found a roughly hewn altar of Beogh.
 23177 | Orc:2    | Found Mutuf's Food Shoppe.
 23288 | Orc:2    | Reached skill level 15 in Fighting
 23290 | Orc:2    | Found a roughly hewn altar of Beogh.
 23292 | Orc:2    | Found Vituutih's Jewellery Shop.
 23335 | Orc:2    | Bought a +3 amulet of reflection for 188 gold pieces
 23441 | Orc:2    | Found a roughly hewn altar of Beogh.
 23451 | Orc:2    | Found Zuwk's Antique Armour Boutique.
 23509 | Orc:2    | Noticed an orc warlord
 23546 | Orc:2    | Killed an orc warlord
 23740 | Orc:2    | Found Hetafice's Antique Weapon Shop.
 23756 | Orc:2    | Found a roughly hewn altar of Beogh.
 23770 | Orc:2    | Found Saadd's Antique Armour Boutique.
 23784 | Orc:2    | Bought a smoking hat for 225 gold pieces
 23784 | Orc:2    | Identified the +1 hat "Toreicud" {rElec Str+3} (You bought it in a shop on level 2 of the Orcish Mines)
 23908 | Orc:2    | Found a roughly hewn altar of Beogh.
 23944 | Orc:2    | Found a roughly hewn altar of Beogh.
 24492 | Snake:1  | Entered Level 1 of the Snake Pit
 24957 | Snake:1  | Reached skill level 16 in Fighting
 24979 | Snake:1  | Reached skill level 10 in Armour
 26259 | Snake:2  | Reached XP level 16. HP: 122/122 MP: 16/16
 26383 | Snake:2  | Found a frozen archway.
 26789 | Snake:3  | Noticed a nagaraja
 26806 | Snake:3  | Killed a nagaraja
 26806 | Snake:3  | Reached skill level 17 in Fighting
 26947 | Snake:3  | Noticed a nagaraja
 26956 | Snake:3  | Killed a nagaraja
 26975 | Snake:3  | Reached ****** piety under Wu Jian
 28400 | Snake:4  | Entered Level 4 of the Snake Pit
 28567 | Shoals:1 | Entered Level 1 of the Shoals
 29524 | Shoals:2 | Reached skill level 18 in Fighting
 29854 | Shoals:2 | Noticed Jorgrun
 29880 | Shoals:2 | Killed Jorgrun
 29928 | Shoals:2 | Noticed Donald
 29956 | Shoals:2 | Reached XP level 17. HP: 54/132 MP: 17/17
 29959 | Shoals:2 | Killed Donald
 30185 | Shoals:2 | Got a pair of jewelled gloves
 30262 | Shoals:2 | Identified the +0 pair of gloves of Focus {rC+ Str+4} (You found it on level 2 of the Shoals)
 30863 | Shoals:3 | Reached skill level 19 in Fighting
 31156 | Shoals:3 | Noticed Nikola
 31177 | Shoals:3 | Killed Nikola
 31335 | Shoals:3 | Noticed a kraken
 31359 | Shoals:3 | Killed a kraken
 31394 | Shoals:3 | Noticed Polyphemus
 31431 | Shoals:3 | Killed Polyphemus
 31914 | Shoals:3 | Noticed Bai Suzhen
 31955 | Shoals:3 | Killed Bai Suzhen
 32511 | Shoals:4 | Entered Level 4 of the Shoals
 32569 | Shoals:4 | Reached skill level 20 in Fighting
 32914 | Shoals:4 | Mangled by an alligator snapping turtle

Skill      XL: |  1  2  3  4  5  6  7  8  9 10 11 12 13 14 15 16 17 |
---------------+----------------------------------------------------+-----
Fighting       | 4 6 8 11 14 16 18 20 | 20.1
Maces & Flails | 3 5 6 7 9 11 13 14 15 | 15.7
Armour         | 4 5 6 8 10 13 14 | 14.9
Shields        | 4 8 11 14 15 | 15.0

Action                   |  1- 3 |  4- 6 |  7- 9 | 10-12 | 13-15 | 16-18 || total
-------------------------+-------+-------+-------+-------+-------+-------++-------
Melee: Flail             |   124 |   128 |   413 |   880 |  1815 |  1073 ||  4433
Invok: Whirlwind         |       |       |       |       |   179 |   121 ||   300
       Lunge             |       |       |       |       |    69 |    63 ||   132
       Wall Jump         |       |       |       |       |    75 |    25 ||   100
       Heavenly Storm    |       |       |       |       |     1 |     2 ||     3
       Serpent's Lash    |       |       |       |       |       |     1 ||     1
 Abil: Fly               |       |       |       |       |     1 |       ||     1
  Use: Scroll            |     2 |     7 |     7 |    11 |    12 |     4 ||    43
       Potion            |       |     2 |     3 |     5 |    12 |     1 ||    23
 Stab: Invisible         |       |       |       |     2 |     2 |       ||     4
       Distracted        |       |       |       |       |     1 |       ||     1
  Eat: Chunk             |     1 |     4 |    10 |    14 |    27 |    12 ||    68
       Ration            |       |       |     2 |     6 |     7 |     3 ||    18
Armor: Scale mail        |    78 |     9 |       |       |       |       ||    87
       Plate armour      |       |    89 |   284 |   411 |   755 |   487 ||  2026
Dodge: Dodged            |    46 |    17 |    50 |   141 |   385 |   259 ||   898
Block: Shield            |    83 |    90 |   207 |   562 |  1360 |  1077 ||  3379
       Reflection        |       |       |       |       |    18 |   116 ||   134
